 Dungeon Crawl Stone Soup version 0.29.0-4-gdea44cf6ec (webtiles) character file.

Game seed: 14702027390339222377

8589 qw the Cleaver (level 11, -8/91 (94) HPs)
             Began as a Minotaur Fighter on Sept 4, 2022.
             Was a Priest of Ru.
             Killed from afar by Fannar (35 damage)
             ... with a bolt of cold
             ... on level 2 of the Lair of Beasts.
             The game lasted 00:03:59 (10362 turns).

qw the Cleaver (Minotaur Fighter)                  Turns: 10362, Time: 00:03:59

HP:   -8/91 (94)    AC: 19    Str: 24    XL:     11   Next: 11%
MP:   10/10         EV:  8    Int:  5    God:    Ru [***...]
Gold: 220           SH:  5    Dex: 17    Spells: 10/10 levels left

rFire   + . .      SeeInvis .   Y - +1 war axe (freeze)
rCold   . . .      Faith    .   c - +0 buckler
rNeg    + . .      Spirit   .   v - +1 plate armour
rPois   .          Reflect  .   (helmet restricted)
rElec   .          Harm     .   f - +2 cloak {rCorr}
rCorr   +          Rampage  .   i - +1 pair of gloves of Hoykh {rF+}
Will    .....                   (no boots)
Stlth   ..........              r - amulet of regeneration
HPRegen 1.05/turn               m - +6 ring of dexterity
MPRegen 0.12/turn               q - ring of positive energy

@: lightly drained
A: horns 2, unskilled 2, retaliatory headbutt
a: Renounce Religion, Draw Out Power


You were on level 2 of the Lair of Beasts.
You worshipped Ru.
Ru was most pleased with you.
You visited 3 branches of the dungeon, and saw 11 of its levels.

You collected 445 gold pieces.
You spent 225 gold pieces at shops.


Innate Abilities, Weirdness & Mutations

You have a pair of horns on your head.
You are unskilled. (-2 Apt)
You reflexively headbutt those who attack you in melee.


   Skills:
 - Level 8.0 Fighting
 - Level 13.0 Axes
 - Level 3.3 Throwing
 + Level 6.8 Armour
 - Level 3.0 Dodging
 - Level 4.5 Shields


You had 10 spell levels left.
You didn't know any spells.
Your spell library was empty.

Inventory:

Hand Weapons
 s - a +0 flail
 Y - a +1 war axe of freezing (weapon)
Missiles
 e - 4 javelins (quivered)
 o - a boomerang
Armour
 c - a +0 buckler (worn)
 f - a +2 cloak of preservation (worn)
 i - the +1 pair of gloves of Hoykh (worn) {rF+}
   (You found it on level 5 of the Dungeon)

   rF:        It protects you from fire.
 v - a +1 plate armour (worn)
Jewellery
 m - a +6 ring of dexterity (left hand)
 p - a ring of ice
 q - a ring of positive energy (right hand)
 r - an amulet of regeneration (around neck)
Scrolls
 k - 5 scrolls of identify
Potions
 b - 7 potions of curing
 d - 5 potions of might
 g - 2 potions of mutation
 h - a potion of resistance
 j - a potion of cancellation
 l - a potion of haste
 t - a potion of heal wounds

Dungeon Overview and Level Annotations

Branches:
Dungeon (8/15)             Temple (1/1) D:5            Lair (2/5) D:8
 Shoals (0/4) Lair:2
  Snake: Lair:2-3    Spider: Lair:2-3

Altars:
Ashenzari
Cheibriados
Dithmenos
Elyvilon
Fedhas
Gozag
Hepliaklqana
Kikubaaqudgha
Makhleb
Nemelex Xobeh
Okawaru
Ru
Sif Muna
Trog
Uskayaw
Yredelemnul
The Shining One

Shops:
D:6 !

Annotations:
D:4 1 runed translucent door, Crazy Yiuf
Lair:2 Fannar, Maggie


Message History

You block Fannar's attack.
You hit Fannar but do no damage.
Fannar is moderately wounded.
You hit the ice beast.
The ice beast hits you but does no damage.
Fannar is stunned by your conviction and fails to attack.
You slash the ice beast!
The ice beast is almost dead.
You slash Fannar! You freeze Fannar. The ice beast closely misses you.
You furiously retaliate!
You headbutt the ice beast.
You kill the ice beast!
The ice beast disappears in a puff of smoke!
Fannar hits you but does no damage.
You slash Fannar! Your headbutt misses Fannar.
Fannar is heavily wounded.
Fannar hits you with a +0 quarterstaff of freezing!
Fannar freezes you.
You focus your inner power and illuminate Fannar in retribution!
10358 ||| DRINKING 2 potions of heal wounds.
You feel much better.
You feel less exhausted.
Fannar mumbles some strange words.
Fannar drains the heat from the surrounding environment!
The plant begins to die.
You slice Fannar!! You freeze Fannar. You headbutt Fannar!
Fannar is almost dead.
You slash Fannar!
Fannar is almost dead.
Fannar gestures wildly while chanting.
You hit Fannar.
Fannar is almost dead.
Fannar hits you with a +0 quarterstaff of freezing.
Fannar freezes you.
You closely miss Fannar.
Fannar is almost dead.
Fannar glares icily.
Fannar gestures at you while chanting. The bolt of cold hits you!!
You die...

### ##.####### #########
.#...#..P###..##P#.######
.........................
P.P.............@Y..#
........#########e%.#
........## #.%....#
...#.....7 ......?..#
...#..P.7......#P...##
...#PP.7.......##...#
.....PP7.7.... #....
.###.PP777..@ #...#.
.....P77 ..# .......


You could see Fannar (corona) and an ice beast (summoned).

Vanquished Creatures
  Pikel (D:7)
  Maurice (D:8)
  A cane toad (Lair:1)
  A rime drake (Lair:1)
  A komodo dragon (Lair:1)
  A wyvern (D:8)
  12 yaks
  A steam dragon (D:7)
  Grum (D:6)
  Edmund (D:4)
  3 water moccasins
  3 black bears
  2 orc warriors
  12 wolves
  4 ogres
  2 lemures (D:7)
  A phantom (D:7)
  Blork the orc (D:4)
  5 bullfrogs
  2 necrophages (D:5)
  2 gnoll sergeants (D:6)
  7 scorpions
  4 wights (D:8)
  5 killer bees (D:8)
  12 hounds
  2 gnoll boudas (D:6)
  3 jellies
  Jessica (D:3)
  5 orc wizards (D:6)
  18 gnolls (D:6)
  8 adders
  4 shadow imps
  3 white imps
  3 ufetubi
  A worm (D:3)
  6 dart slugs
  15 orcs
  4 bats
  6 endoplasms
  3 giant cockroaches (D:3)
  4 goblins
  9 hobgoblins
  2 jackals (D:6)
  12 kobolds
  4 quokkas
  12 ball pythons
  6 frilled lizards
  4 rats
221 creatures vanquished.

Vanquished Creatures (others)
  A water moccasin (Lair:1)
  4 fungi
  17 plants
22 creatures vanquished.

Grand Total: 243 creatures vanquished

Notes
Turn   | Place    | Note
-------+----------+-------------------------------------------
     0 | D:1      | qw the Minotaur Fighter began the quest for the Orb.
     0 | D:1      | Reached XP level 1. HP: 19/19 MP: 0/0
     0 | D:1      | 0 ||| qw: Version: 0.1-a-103-gd6f5d3a
     0 | D:1      | 0 ||| qw: Game counter: 5418
     0 | D:1      | 0 ||| qw: Always use a shield: true
     0 | D:1      | 0 ||| qw: God list: Ru
     0 | D:1      | 0 ||| qw: Allow faded altars: false
     0 | D:1      | 0 ||| qw: Do Orc after D:15 true
     0 | D:1      | 0 ||| qw: Do second Lair branch before Depths: true
     0 | D:1      | 0 ||| qw: Lair rune preference: random
     0 | D:1      | 0 ||| qw: Plans: Normal
     0 | D:1      | 0 ||| PLANNING D:1-11
    88 | D:1      | 88 ||| Stepping ~*~*~tactically~*~*~ (stealth).
   202 | D:1      | Reached skill level 3 in Axes
   335 | D:1      | Reached XP level 2. HP: 26/26 MP: 1/1
   603 | D:1      | Reached skill level 4 in Axes
   723 | D:1      | 723 ||| READING 2 scrolls labelled XAPEASSUPHO.
   724 | D:1      | 724 ||| READING scroll labelled CEIFFU PU JABB.
   725 | D:1      | 725 ||| READING 2 scrolls labelled MINAUD VACOKA.
   730 | D:1      | 730 ||| READING scroll labelled UMPIPO KEHYLEV.
   731 | D:1      | 731 ||| DROPPING scroll of magic mapping.
   767 | D:2      | 767 ||| STAIRDANCE
   771 | D:1      | Reached XP level 3. HP: 28/31 MP: 2/2
   797 | D:2      | 797 ||| STAIRDANCE
  1001 | D:2      | Reached skill level 5 in Axes
  1030 | D:2      | 1030 ||| Stepping ~*~*~tactically~*~*~ (stealth).
  1133 | D:2      | 1133 ||| Stepping ~*~*~tactically~*~*~ (stealth).
  1261 | D:2      | 1261 ||| Stepping ~*~*~tactically~*~*~ (hiding).
  1268 | D:2      | Reached skill level 1 in Dodging
  1268 | D:2      | Reached XP level 4. HP: 39/39 MP: 3/3
  1514 | D:2      | 1514 ||| Stepping ~*~*~tactically~*~*~ (hiding).
  1519 | D:2      | 1519 ||| Stepping ~*~*~tactically~*~*~ (hiding).
  2057 | D:2      | 2057 ||| UPGRADING to +0 cloak.
  2062 | D:2      | 2062 ||| UPGRADING to +0 chain mail.
  2072 | D:2      | 2072 ||| DROPPING +0 scale mail.
  2073 | D:2      | 2073 ||| READING scroll labelled MICSAVVIDGHI.
  2074 | D:2      | 2074 ||| READING scroll labelled PIXUUD QULYM.
  2118 | D:3      | Noticed Jessica
  2119 | D:3      | 2119 ||| STAIRDANCE
  2124 | D:3      | 2124 ||| Stepping ~*~*~tactically~*~*~ (hiding).
  2127 | D:3      | Killed Jessica
  2194 | D:3      | 2194 ||| Stepping ~*~*~tactically~*~*~ (stealth).
  2198 | D:3      | Reached skill level 6 in Axes
  2209 | D:3      | 2209 ||| Stepping ~*~*~tactically~*~*~ (stealth).
  2210 | D:3      | 2210 ||| Stepping ~*~*~tactically~*~*~ (stealth).
  2240 | D:3      | Reached XP level 5. HP: 38/45 MP: 4/4
  2322 | D:3      | Found a bloodstained altar of Trog.
  2369 | D:3      | 2369 ||| Stepping ~*~*~tactically~*~*~ (stealth).
  2571 | D:3      | Found a shadowy altar of Dithmenos.
  2898 | D:3      | Found a faded altar of an unknown god.
  3095 | D:3      | 3095 ||| UPGRADING to +6 ring of dexterity.
  3096 | D:3      | 3096 ||| UPGRADING to ring of positive energy.
  3097 | D:3      | 3097 ||| READING scroll labelled KAKEIK OWKY.
  3098 | D:3      | 3098 ||| READING scroll labelled ZAIHUU DEMEDUH.
  3099 | D:3      | 3099 ||| READING 2 scrolls of identify.
  3099 | D:3      | 3099 ||| IDENTIFYING smoky brown potion
  3100 | D:3      | 3100 ||| DROPPING potion of lignification.
  3101 | D:3      | 3101 ||| READING 2 scrolls of teleportation.
  3186 | D:4      | 3186 ||| Stepping ~*~*~tactically~*~*~ (hiding).
  3312 | D:4      | Found a runed translucent door.
  3313 | D:4      | Noticed Crazy Yiuf
  3437 | D:4      | Found a burning altar of Makhleb.
  3447 | D:4      | Reached skill level 7 in Axes
  3454 | D:4      | Noticed Edmund
  3467 | D:4      | Killed Edmund
  3468 | D:4      | Reached XP level 6. HP: 17/56 MP: 5/5
  3468 | D:4      | 3468 ||| FLEEEEING.
  3469 | D:4      | 3469 ||| FLEEEEING.
  3470 | D:4      | 3470 ||| FLEEEEING.
  3471 | D:4      | 3471 ||| FLEEEEING.
  3472 | D:4      | 3472 ||| FLEEEEING.
  3473 | D:4      | 3473 ||| FLEEEEING.
  3474 | D:4      | 3474 ||| STAIRDANCE
  3682 | D:3      | 3682 ||| DRINKING 2 sedimented sapphire potions.
  3764 | D:4      | Noticed Blork the orc
  3765 | D:4      | 3765 ||| Stepping ~*~*~tactically~*~*~ (stealth).
  3833 | D:4      | 3833 ||| Stepping ~*~*~tactically~*~*~ (hiding).
  3834 | D:4      | 3834 ||| Stepping ~*~*~tactically~*~*~ (hiding).
  3835 | D:4      | 3835 ||| Stepping ~*~*~tactically~*~*~ (hiding).
  3846 | D:4      | Killed Blork the orc
  3847 | D:4      | Reached skill level 8 in Axes
  3847 | D:4      | Reached XP level 7. HP: 29/61 MP: 6/6
  4082 | D:4      | Found a glowing golden altar of the Shining One.
  4561 | D:4      | 4561 ||| UPGRADING to amulet of regeneration.
  4566 | D:4      | 4566 ||| READING scroll labelled TAUC LYUCI.
  4567 | D:4      | 4567 ||| DRINKING 2 glowing grey potions.
  4568 | D:4      | 4568 ||| READING 3 scrolls of identify.
  4568 | D:4      | 4568 ||| IDENTIFYING glowing purple potion
  4569 | D:4      | 4569 ||| READING 2 scrolls of identify.
  4569 | D:4      | 4569 ||| IDENTIFYING cyan potion
  4570 | D:4      | 4570 ||| DROPPING potion of magic.
  4571 | D:4      | 4571 ||| DROPPING potion of flight.
  4648 | D:5      | Entered Level 5 of the Dungeon
  4705 | D:5      | 4705 ||| Stepping ~*~*~tactically~*~*~ (stealth).
  4707 | D:5      | 4707 ||| Stepping ~*~*~tactically~*~*~ (stealth).
  4740 | D:5      | 4740 ||| Stepping ~*~*~tactically~*~*~ (stealth).
  4741 | D:5      | 4741 ||| FLEEEEING.
  4742 | D:5      | 4742 ||| FLEEEEING.
  4743 | D:5      | 4743 ||| FLEEEEING.
  4744 | D:5      | 4744 ||| FLEEEEING.
  4745 | D:5      | 4745 ||| FLEEEEING.
  4826 | D:5      | Identified the +1 pair of gloves of Hoykh {rF+}
  4842 | D:5      | 4842 ||| Stepping ~*~*~tactically~*~*~ (stealth).
  4844 | D:5      | 4844 ||| Stepping ~*~*~tactically~*~*~ (stealth).
  4855 | D:5      | Reached skill level 9 in Axes
  4863 | D:5      | 4863 ||| DROPPING +0 whip.
  4932 | D:5      | Found a staircase to the Ecumenical Temple.
  4933 | D:5      | 4933 ||| PLANNING TEMPLE
  4933 | D:5      | 4933 ||| UPGRADING to +1 pair of gloves of Hoykh {rF+}.
  4938 | D:5      | 4938 ||| READING 2 scrolls of identify.
  4938 | D:5      | 4938 ||| IDENTIFYING sedimented golden potion
  4950 | Temple   | Entered the Ecumenical Temple
  4957 | Temple   | Became a worshipper of Ru the Awakened
  4965 | Temple   | 4965 ||| PLANNING D:1-11
  5179 | D:5      | 5179 ||| Stepping ~*~*~tactically~*~*~ (stealth).
  5338 | D:5      | Reached skill level 10 in Axes
  5338 | D:5      | Reached XP level 8. HP: 60/68 MP: 7/7
  5381 | D:5      | Reached skill level 1 in Throwing
  5574 | D:5      | 5574 ||| READING 3 scrolls labelled TEDAUM CIXKEPN.
  5575 | D:5      | 5575 ||| DRINKING 2 emerald potions.
  5576 | D:5      | 5576 ||| READING 4 scrolls of identify.
  5576 | D:5      | 5576 ||| IDENTIFYING metallic dark potion
  5577 | D:5      | 5577 ||| DROPPING 2 scrolls of butterflies.
  5588 | D:6      | 5588 ||| Stepping ~*~*~tactically~*~*~ (hiding).
  5589 | D:6      | 5589 ||| Stepping ~*~*~tactically~*~*~ (hiding).
  5740 | D:6      | Reached skill level 6 in Fighting
  5786 | D:6      | 5786 ||| Stepping ~*~*~tactically~*~*~ (stealth).
  5787 | D:6      | 5787 ||| Stepping ~*~*~tactically~*~*~ (stealth).
  5788 | D:6      | 5788 ||| Stepping ~*~*~tactically~*~*~ (stealth).
  5802 | D:6      | 5802 ||| Stepping ~*~*~tactically~*~*~ (stealth).
  5811 | D:6      | 5811 ||| Stepping ~*~*~tactically~*~*~ (stealth).
  5818 | D:6      | 5818 ||| Stepping ~*~*~tactically~*~*~ (stealth).
  5862 | D:6      | Reached skill level 11 in Axes
  5865 | D:6      | 5865 ||| Stepping ~*~*~tactically~*~*~ (stealth).
  5867 | D:6      | Reached skill level 3 in Dodging
  5896 | D:6      | 5896 ||| Stepping ~*~*~tactically~*~*~ (hiding).
  5919 | D:6      | Reached skill level 12 in Axes
  5921 | D:6      | Reached XP level 9. HP: 31/78 MP: 8/8
  5923 | D:6      | HP: 19/79 [yak (3)]
  5924 | D:6      | 5924 ||| READING scroll of teleportation.
  5925 | D:6      | HP: 9/79 [yak (12)]
  5926 | D:6      | 5926 ||| DRINKING potion of heal wounds.
  6049 | D:6      | Found Emmen's Antique Weapon Shop.
  6056 | D:6      | 6056 ||| Stepping ~*~*~tactically~*~*~ (stealth).
  6156 | D:6      | 6156 ||| Stepping ~*~*~tactically~*~*~ (hiding).
  6166 | D:6      | Found Laymp's Distillery.
  6169 | D:6      | 6169 ||| FLEEEEING.
  6171 | D:6      | 6171 ||| FLEEEEING.
  6172 | D:6      | 6172 ||| FLEEEEING.
  6186 | D:6      | 6186 ||| BUYING potion of curing (45 gold).
  6186 | D:6      | Bought a potion of curing for 45 gold pieces
  6186 | D:6      | 6186 ||| BUYING potion of curing (45 gold).
  6186 | D:6      | Bought a potion of curing for 45 gold pieces
  6186 | D:6      | 6186 ||| BUYING potion of heal wounds (75 gold).
  6186 | D:6      | Bought a potion of heal wounds for 75 gold pieces
  6186 | D:6      | 6186 ||| BUYING potion of might (60 gold).
  6186 | D:6      | Bought a potion of might for 60 gold pieces
  6186 | D:6      | 6186 ||| SHOPLISTING potion of might (60 gold, have 50).
  6186 | D:6      | 6186 ||| SHOPLISTING potion of mutation (120 gold, have
                  | 50).
  6186 | D:6      | 6186 ||| SHOPLISTING potion of resistance (150 gold, have
                  | 50).
  6189 | D:6      | 6189 ||| Stepping ~*~*~tactically~*~*~ (hiding).
  6192 | D:6      | 6192 ||| Stepping ~*~*~tactically~*~*~ (hiding).
  6305 | D:6      | Noticed Grum
  6314 | D:6      | Killed Grum
  6341 | D:6      | 6341 ||| Stepping ~*~*~tactically~*~*~ (hiding).
  6342 | D:6      | 6342 ||| Stepping ~*~*~tactically~*~*~ (hiding).
  6343 | D:6      | 6343 ||| Stepping ~*~*~tactically~*~*~ (hiding).
  6370 | D:6      | 6370 ||| INVOKING Sacrifice Skill.
  6370 | D:6      | Gained mutation: You are somewhat unskilled. (-1 Apt) [Ru
                  | sacrifice]
  6370 | D:6      | Reduced skill Fighting to level 6
  6370 | D:6      | Reduced skill Axes to level 11
  6370 | D:6      | Reduced skill Shields to level 3
  6370 | D:6      | Reached * piety under Ru
  6516 | D:6      | Found a hide-covered altar of Uskayaw.
  6519 | D:6      | 6519 ||| UPGRADING to +0 plate armour.
  6529 | D:6      | 6529 ||| DROPPING +0 chain mail.
  6530 | D:6      | 6530 ||| READING scroll labelled BITHAC JOOHI.
  6531 | D:6      | 6531 ||| READING scroll labelled ROESHR JIOTIUXT.
  6532 | D:6      | 6532 ||| READING 6 scrolls of identify.
  6532 | D:6      | 6532 ||| IDENTIFYING gluggy blue potion
  6533 | D:6      | 6533 ||| READING 5 scrolls of identify.
  6533 | D:6      | 6533 ||| IDENTIFYING smoky golden potion
  6534 | D:6      | 6534 ||| DROPPING potion of ambrosia.
  6535 | D:6      | 6535 ||| DROPPING potion of attraction.
  6686 | D:7      | 6686 ||| READING scroll of brand weapon.
  6686 | D:7      | 6686 ||| BRANDING +1 vorpal war axe.
  6726 | D:7      | Reached skill level 3 in Dodging
  6729 | D:7      | Reached skill level 12 in Axes
  7130 | D:7      | 7130 ||| Stepping ~*~*~tactically~*~*~ (stealth).
  7137 | D:7      | Noticed Pikel
  7138 | D:7      | 7138 ||| Stepping ~*~*~tactically~*~*~ (stealth).
  7139 | D:7      | 7139 ||| Stepping ~*~*~tactically~*~*~ (stealth).
  7142 | D:7      | 7142 ||| Stepping ~*~*~tactically~*~*~ (stealth).
  7157 | D:7      | Killed Pikel
  7158 | D:7      | Reached skill level 6 in Armour
  7327 | D:7      | 7327 ||| Stepping ~*~*~tactically~*~*~ (hiding).
  7329 | D:7      | 7329 ||| Stepping ~*~*~tactically~*~*~ (hiding).
  7749 | D:7      | 7749 ||| DROPPING amulet of faith.
  7750 | D:7      | 7750 ||| READING 4 scrolls of identify.
  7750 | D:7      | 7750 ||| IDENTIFYING sedimented green potion
  7751 | D:7      | 7751 ||| DROPPING potion of brilliance.
  7752 | D:7      | 7752 ||| Stepping randomly (stuck).
  7753 | D:7      | 7753 ||| Stepping randomly (stuck).
  7754 | D:7      | 7754 ||| Stepping randomly (stuck).
  7756 | D:7      | 7756 ||| Stepping randomly (stuck).
  7757 | D:7      | 7757 ||| Stepping randomly (stuck).
  7759 | D:7      | 7759 ||| Stepping randomly (stuck).
  7760 | D:7      | 7760 ||| Stepping randomly (stuck).
  7764 | D:7      | 7764 ||| Stepping randomly (stuck).
  7765 | D:7      | 7765 ||| Stepping randomly (stuck).
  7766 | D:7      | 7766 ||| Stepping randomly (stuck).
  7767 | D:7      | 7767 ||| Stepping randomly (stuck).
  7773 | D:7      | 7773 ||| Stepping randomly (stuck).
  7806 | D:7      | 7806 ||| Stepping randomly (stuck).
  7807 | D:7      | 7807 ||| Stepping randomly (stuck).
  7808 | D:7      | 7808 ||| Stepping randomly (stuck).
  7809 | D:7      | 7809 ||| Stepping randomly (stuck).
  7810 | D:7      | 7810 ||| Stepping randomly (stuck).
  7811 | D:7      | 7811 ||| Stepping randomly (stuck).
  7812 | D:7      | 7812 ||| Stepping randomly (stuck).
  7813 | D:7      | 7813 ||| Stepping randomly (stuck).
  7830 | D:7      | 7830 ||| Stepping randomly (stuck).
  7841 | D:7      | 7841 ||| Stepping randomly (stuck).
  7842 | D:7      | 7842 ||| Stepping randomly (stuck).
  7843 | D:7      | 7843 ||| Stepping randomly (stuck).
  7845 | D:7      | 7845 ||| Stepping randomly (stuck).
  7846 | D:7      | 7846 ||| Stepping randomly (stuck).
  7847 | D:7      | 7847 ||| Stepping randomly (stuck).
  7849 | D:7      | 7849 ||| Stepping randomly (stuck).
  7850 | D:7      | 7850 ||| Stepping randomly (stuck).
  7851 | D:7      | 7851 ||| Stepping randomly (stuck).
  7853 | D:7      | 7853 ||| Stepping randomly (stuck).
  7854 | D:7      | 7854 ||| Stepping randomly (stuck).
  7856 | D:7      | 7856 ||| Stepping randomly (stuck).
  7857 | D:7      | 7857 ||| Stepping randomly (stuck).
  7868 | D:7      | 7868 ||| Stepping randomly (stuck).
  7869 | D:7      | 7869 ||| Stepping randomly (stuck).
  8081 | D:8      | 8081 ||| STAIRDANCE
  8088 | D:7      | Reached XP level 10. HP: 65/86 MP: 9/9
  8122 | D:8      | 8122 ||| STAIRDANCE
  8141 | D:8      | 8141 ||| STAIRDANCE
  8166 | D:8      | Reached skill level 13 in Axes
  8166 | D:8      | 8166 ||| STAIRDANCE
  8340 | D:8      | 8340 ||| Stepping ~*~*~tactically~*~*~ (stealth).
  8412 | D:8      | 8412 ||| Stepping ~*~*~tactically~*~*~ (hiding).
  8532 | D:8      | Reached skill level 3 in Throwing
  8568 | D:8      | Noticed Maurice
  8581 | D:8      | Killed Maurice
  8684 | D:8      | Found a broken altar of Ashenzari.
  8687 | D:8      | 8687 ||| UPGRADING to +2 cloak of preservation.
  8748 | D:8      | 8748 ||| UPGRADING to +0 cloak.
  8753 | D:8      | 8753 ||| UPGRADING to +2 cloak of preservation.
  8763 | D:8      | 8763 ||| DROPPING +0 cloak.
  8795 | D:8      | 8795 ||| Stepping ~*~*~tactically~*~*~ (hiding).
  8929 | D:8      | 8929 ||| Stepping ~*~*~tactically~*~*~ (hiding).
  8932 | D:8      | 8932 ||| Stepping ~*~*~tactically~*~*~ (hiding).
  9039 | D:8      | 9039 ||| INVOKING Sacrifice Skill.
  9039 | D:8      | Gained mutation: You are unskilled. (-2 Apt) [Ru sacrifice]
  9039 | D:8      | Reduced skill Axes to level 12
  9039 | D:8      | Reduced skill Armour to level 6
  9039 | D:8      | Reached ** piety under Ru
  9039 | D:8      | Reached *** piety under Ru
  9072 | D:8      | Found a staircase to the Lair.
  9237 | D:8      | 9237 ||| PLANNING LAIR
  9237 | D:8      | 9237 ||| READING 4 scrolls of identify.
  9237 | D:8      | 9237 ||| IDENTIFYING green potion
  9259 | Lair:1   | Entered Level 1 of the Lair of Beasts
  9349 | Lair:1   | Reached skill level 13 in Axes
  9517 | Lair:1   | Noticed a cane toad
  9522 | Lair:1   | Killed a cane toad
  9523 | Lair:1   | Reached skill level 3 in Throwing
  9629 | Lair:1   | Reached XP level 11. HP: 93/93 MP: 10/10
  9749 | Lair:1   | 9749 ||| Stepping ~*~*~tactically~*~*~ (stealth).
  9786 | Lair:1   | 9786 ||| Stepping ~*~*~tactically~*~*~ (hiding).
  9788 | Lair:1   | 9788 ||| Stepping ~*~*~tactically~*~*~ (hiding).
  9789 | Lair:1   | 9789 ||| Stepping ~*~*~tactically~*~*~ (hiding).
 10299 | Lair:2   | Found a staircase to the Shoals.
 10301 | Lair:2   | 10301 ||| READING scroll of enchant armour.
 10301 | Lair:2   | 10301 ||| ENCHANTING +0 plate armour.
 10309 | Lair:2   | 10309 ||| Stepping ~*~*~tactically~*~*~ (stealth).
 10310 | Lair:2   | 10310 ||| Stepping ~*~*~tactically~*~*~ (stealth).
 10328 | Lair:2   | 10328 ||| Stepping ~*~*~tactically~*~*~ (stealth).
 10329 | Lair:2   | Noticed Fannar
 10343 | Lair:2   | HP: 10/94 [Fannar/bolt of cold (29)]
 10344 | Lair:2   | 10344 ||| INVOKING Draw Out Power.
 10346 | Lair:2   | Noticed Maggie
 10347 | Lair:2   | 10347 ||| Stepping ~*~*~tactically~*~*~ (stealth).
 10357 | Lair:2   | HP: 17/91 [Fannar/+0 quarterstaff of freezing (9)]
 10358 | Lair:2   | 10358 ||| DRINKING 2 potions of heal wounds.
 10362 | Lair:2   | Killed from afar by Fannar

Levels and vault maps discovered:
D:1:      sevenhm_arrival_forest_fort_large_2, layout_loops_cross
D:2:      layout_basic
D:3:      layout_basic, mainiacjoe_overflow_paths,
          grunt_dithmenos_smoke_and_mirrors, hellmonk_ecumenical_altar_zigzags,
          serial_corexii_hall, corexii_hall_statues_l, corexii_hall_statues_i,
          st_stairs_14, chequers_serial_rivers_micro_d, uniq_jessica
D:4:      layout_cave_pods, bloody_makhleb, tso_altar, uniq_edmund,
          uniq_blork_the_orc, uniq_crazy_yiuf_cottage
D:5:      layout_loops_ring, minmay_temple_entry_offerings, saegor_snake_ambush
D:6:      layout_cave_pools, mainiacjoe_overflow_alcove_4, serial_gnoll_camp,
          gnoll_camp_huts_basic, gnoll_camp_mini_shop, grums_kennel,
          gnoll_camp_mini_shop, gnoll_camp_mini_hut, gnoll_camp_mini_loothouse
D:7:      layout_layer_cave, minmay_puff, uniq_pikel
D:8:      layout_basic, ashenzari_conservatory_becter,
          grunt_lair_entry_orc_guard_hut, hangedman_decor_diamond_cutter,
          chequers_serial_rivers_room_b, hangedman_decor_clover_reticule,
          uniq_maurice
Temple:   eino_temple_lava
Lair:1:   layout_cave_pods, serial_bayou_shore_a, infiniplex_staircase_pool_2,
          uniq_grum
Lair:2:   layout_regular_city, minmay_shoals_entry_beasts, serial_forest,
          infiniplex_forest_lined_2, infiniplex_forest_clump_medium,
          infiniplex_forest_straight_4, infiniplex_forest_lined_3,
          infiniplex_forest_lined_2, infiniplex_forest_end_2,
          infiniplex_forest_end_double, uniq_maggie, uniq_fannar

Skill      XL: |  1  2  3  4  5  6  7  8  9 10 11 |
---------------+----------------------------------+-----
Axes           | 3 4 5 6 7 8 10 12 12 13 | 13.0
Dodging        | 1 2 3 3 |  3.0
Fighting       | 5 6 7 7 8 |  8.0
Throwing       | 1 3 |  3.3
Armour         | 4 6 6 |  6.8
Shields        | 4 4 |  4.5

Action                   |  1- 3 |  4- 6 |  7- 9 | 10-12 || total
-------------------------+-------+-------+-------+-------++-------
Melee: War axe           |    79 |    95 |   263 |   151 ||   588
       Headbutt          |     6 |    15 |    52 |    30 ||   103
Throw: Boomerang         |       |    10 |    88 |     1 ||    99
       Javelin           |       |       |       |    25 ||    25
Invok: Sacrifice Skill   |       |       |     1 |     1 ||     2
       Draw Out Power    |       |       |       |     1 ||     1
  Use: Scroll            |     4 |     6 |    13 |     2 ||    25
       Potion            |       |     1 |     3 |     1 ||     5
Armor: Scale mail        |    28 |    13 |       |       ||    41
       Chain mail        |       |    17 |    83 |       ||   100
       Plate armour      |       |       |    14 |    94 ||   108
Dodge: Dodged            |    35 |    18 |    72 |    68 ||   193
Block: Buckler           |    16 |    14 |    60 |    53 ||   143

Table legend:
 A = Non-vault XP
 B = Vault XP
 C = Vault XP percentage of total XP
 D = Non-vault monster count
 E = Vault monster count
 F = Vault count percentage of total count
                 A         B        C        D         E       F
            +---------+---------+-------+---------+---------+-------
      Total |    9059 |    3211 |  26.2 |     172 |      48 |  21.8
            +---------+---------+-------+---------+---------+-------
        D:1 |      43 |       0 |   0.0 |      19 |       0 |   0.0
        D:2 |      71 |       0 |   0.0 |      23 |       0 |   0.0
        D:3 |     110 |      39 |  26.2 |      26 |       2 |   7.1
        D:4 |     236 |     262 |  52.6 |      15 |       2 |  11.8
        D:5 |     752 |      30 |   3.8 |      18 |       4 |  18.2
        D:6 |    1290 |    1083 |  45.6 |      18 |      32 |  64.0
        D:7 |    1624 |     916 |  36.1 |      14 |       3 |  17.6
        D:8 |    1886 |     881 |  31.8 |      19 |       5 |  20.8
     Lair:1 |    2237 |       0 |   0.0 |      13 |       0 |   0.0
     Lair:2 |     810 |       0 |   0.0 |       7 |       0 |   0.0
            +---------+---------+-------+---------+---------+-------
